 Dungeon Crawl Stone Soup version 0.29.1-4-g47bece8355 (webtiles) character file.

Game seed: 12524362970973940910

296 Descartes the Magician (level 6, -3/32 HPs)
             Began as a Deep Elf Fire Elementalist on Dec 9, 2022.
             Was an Initiate of Gozag.
             Slain by a bullfrog zombie (5 damage)
             ... on level 5 of the Dungeon.
             The game lasted 00:07:51 (3833 turns).

Descartes the Magician (Deep Elf Fire Elementalist) Turns: 3833, Time: 00:07:52

Health: -3/32      AC:  5    Str:  5    XL:     6   Next: 12%
Magic:  13/14      EV: 13    Int: 22    God:    Gozag
Gold:   110        SH:  0    Dex: 15    Spells: 12/13 levels left

rFire   . . .      SeeInvis .   n - +2 quarterstaff (chaos)
rCold   . . .      Faith    .   (shield currently unavailable)
rNeg    . . .      Spirit   .   a - +0 robe
rPois   .          Reflect  .   (no helmet)
rElec   .          Harm     .   o - +2 cloak {Stlth+}
rCorr   .          Rampage  .   (no gloves)
Will    .....                   (no boots)
Stlth   ++++......              (no amulet)
HPRegen 0.10/turn               q - +4 ring of slaying
MPRegen 0.14/turn               (no ring)

@: lethally poisoned (-3 -> -5), attractive
A: no striking features
a: Renounce Religion, Potion Petition, Call Merchant, Bribe Branch


You were on level 5 of the Dungeon.
You worshipped Gozag.
Gozag was aware of your devotion.
You visited 2 branches of the dungeon, and saw 5 of its levels.

You collected 165 gold pieces.
You paid 55 gold pieces to Gozag.

Inventory:

Hand Weapons
 c - a +0 dagger
 n - a +2 quarterstaff of chaos (weapon)
Missiles
 i - 4 atropa-tipped darts
 v - a throwing net
Armour
 a - a +0 robe (worn)
 o - a +2 cloak of stealth (worn)
 x - a +0 buckler
Magical Staves
 h - a staff of death
Jewellery
 q - a +4 ring of slaying (left hand)
Wands
 m - a wand of flame (15)
Scrolls
 d - 2 scrolls of enchant weapon {unknown}
 e - a scroll of teleportation {unknown}
 f - a scroll of identify {unknown}
 j - a scroll of silence {unknown}
 l - 2 scrolls of torment {unknown}
 s - a scroll of magic mapping {unknown}
 t - a scroll of poison {unknown}
 u - a scroll of blinking {unknown}
 w - a scroll of vulnerability {unknown}
Potions
 b - a potion of magic
 g - a potion of invisibility {unknown}
 p - a potion of berserk rage {unknown}
 r - a potion of flight {unknown}


   Skills:
 + Level 3.7 Dodging
 + Level 3.9 Stealth
 + Level 4.3 Spellcasting
 + Level 2.6 Conjurations
 + Level 4.1 Fire Magic
 + Level 1.8 Earth Magic
 + Level 2.3 Poison Magic


You had 12 spell levels left.
You knew the following spells:

 Your Spells              Type           Power      Damage    Failure   Level
a - Foxfire               Conj/Fire      76%        2x1d7     2%          1

Your spell library contained the following spells:

 Spells                   Type           Power      Damage    Failure   Level
 Scorch                   Fire           46%        2d7       3%          2
 Conjure Flame            Conj/Fire      19%        6-21      9%          3
 Static Discharge         Conj/Air       10%        3-5/arc   10%         2
 Inner Flame              Hex/Fire       13%        N/A       14%         3
 Flame Wave               Conj/Fire      19%        2d7       26%         4
 Petrify                  Tmut/Erth      8%         N/A       58%         4
 Lightning Bolt           Conj/Air       5%         1d17      87%         5
 Metabolic Englaciation   Hex/Ice        2%         N/A       97%         5
 Statue Form              Tmut/Erth      5%         N/A       100%        6
 Maxwell's Capacitive Co  Air            2%         ∞         100%        8


Dungeon Overview and Level Annotations

Branches:
Dungeon (5/15)             Temple (1/1) D:5

Altars:
Ashenzari
Cheibriados
Dithmenos
Elyvilon
Fedhas
Gozag
Hepliaklqana
Kikubaaqudgha
Makhleb
Okawaru
Qazlal
Ru
Sif Muna
Vehumet
Wu Jian
Xom
Yredelemnul
Zin

Annotations:
D:5 1 transporter, CaptainMV's ghost, amateur DrVM


Message History

The foxfire hits CaptainMV's ghost.
CaptainMV's ghost is lightly damaged.
The foxfire hits CaptainMV's ghost.
CaptainMV's ghost is lightly damaged.
The foxfire hits CaptainMV's ghost but does no damage.
CaptainMV's ghost is lightly damaged.
The bullfrog zombie hits you.
CaptainMV's ghost attacks as you move away!
CaptainMV's ghost hits you! CaptainMV's ghost freezes you.
A killer bee zombie comes into view.
The bullfrog zombie misses you.
CaptainMV's ghost gestures at you while chanting.
The sting hits you but does no damage.
You are poisoned.
You feel sick. The bullfrog zombie hits you.
CaptainMV's ghost points at you and mumbles some strange words.
The sting hits you.
You are more poisoned.
Unknown command.
You sock the bullfrog zombie!
The bullfrog zombie convulses!
The bullfrog zombie is heavily damaged.
You feel very sick. The bullfrog zombie closely misses you.
CaptainMV's ghost hits you but does no damage.
The bullfrog zombie hits you.
* * * LOW HITPOINT WARNING * * *
CaptainMV's ghost attacks as you move away!
CaptainMV's ghost misses you.
* * * LOW HITPOINT WARNING * * *
You feel sick.
CaptainMV's ghost attacks as you move away!
CaptainMV's ghost closely misses you.
* * * LOW HITPOINT WARNING * * *
You feel sick.
It was a potion of attraction.
You feel attractive to monsters.
* * * LOW HITPOINT WARNING * * *
You feel sick. The bullfrog zombie hits you.
You die...
Your body crumbles into a pile of gold.

#..................###...##
#..#############..## ###..##
#..#....... .#..# ##..# #
#..#....... ..#..# ##.. #.
#..#..###.###..#..# ##. #.
#..#..#8#.#8#..#..# #.
#..#..#..........!#..# #.
#...©#.....©W...(#©.# #.
###..#......Z@..)#..# .#
#..#..#8#.#8#..#..# .
#..#..###.### .#..# .
#..#....Z.. #..# #.
#..#©......Z #..# .# #
#..#############..########.#
##
#.................##>......#
.## ......................##
..## ######..#####.........#


You could see CaptainMV's ghost and a bullfrog zombie.

Vanquished Creatures
  4 hounds
  Crazy Yiuf (D:2)
  Natasha (twice) (D:2)
  3 gnolls (D:5)
  An adder (D:2)
  A white imp (D:5)
  2 ufetubi (D:5)
  2 worms
  A dart slug (D:1)
  An orc (D:5)
  3 bats (D:1)
  An endoplasm (D:1)
  2 giant cockroaches (D:1)
  2 goblins
  3 hobgoblins
  4 jackals (D:1)
  3 quokkas
  2 ball pythons (D:1)
  A frilled lizard (D:2)
  5 kobolds
  A rat (D:2)
45 creatures vanquished.

Vanquished Creatures (collateral kills)
  6 foxfires (D:1)
6 creatures vanquished.

Vanquished Creatures (others)
  245 foxfires
245 creatures vanquished.

Grand Total: 296 creatures vanquished

Notes
Turn   | Place    | Note
-------+----------+-------------------------------------------
     0 | D:1      | Descartes the Deep Elf Fire Elementalist began the quest
                  | for the Orb.
     0 | D:1      | Reached XP level 1. HP: 10/10 MP: 6/6
   190 | D:1      | Reached XP level 2. HP: 15/15 MP: 5/8
   730 | D:1      | Reached skill level 1 in Poison Magic
  1343 | D:2      | Reached XP level 3. HP: 19/19 MP: 6/9
  1509 | D:2      | Found a runed translucent door.
  1510 | D:2      | Noticed Crazy Yiuf
  1527 | D:2      | Killed Crazy Yiuf
  1964 | D:2      | Reached XP level 4. HP: 24/24 MP: 7/11
  2247 | D:2      | Noticed Natasha
  2253 | D:2      | Killed Natasha
  2254 | D:2      | Reached skill level 1 in Earth Magic
  2399 | D:2      | Noticed Natasha
  2422 | D:2      | Killed Natasha
  2423 | D:2      | Reached XP level 5. HP: 14/28 MP: 4/12
  2641 | D:3      | Noticed an ice beast
  2641 | D:3      | You fall into a shaft and drop 2 floors!
  2641 | D:5      | Entered Level 5 of the Dungeon
  2964 | D:5      | Found a sacrificial altar of Ru.
  3363 | D:5      | Found a staircase to the Ecumenical Temple.
  3369 | D:5      | Reached XP level 6. HP: 32/32 MP: 8/14
  3376 | Temple   | Entered the Ecumenical Temple
  3440 | Temple   | Became a worshipper of Gozag Ym Sagoz the Greedy
  3814 | D:5      | Found a transporter.
  3817 | D:5      | Noticed CaptainMV's ghost (amateur DrVM)
  3822 | D:5      | Found a transporter.
  3833 | D:5      | Slain by a bullfrog zombie

Illustrated notes

Levels and vault maps discovered:
D:1:      dpeg_arrival_tiny_b, layout_loops_corners, minmay_crystal_water,
          serial_bayou_lagoon_a
D:2:      layout_loops_ring, hangedman_decor_growths, uniq_natasha,
          uniq_crazy_yiuf_cottage
D:3:      layout_rooms, uniq_robin, uniq_jessica, uniq_sigmund
D:5:      layout_cave_pods, mainiacjoe_overflow_boulevard,
          minmay_temple_entry_metal_lava, gammafunk_ghost_mausoleum
Temple:   nicolae_temple_bog_church

Skill      XL: |  1  2  3  4  5 |
---------------+----------------+-----
Poison Magic   | 1 2 |  2.3
Dodging        | 3 |  3.7
Stealth        | 3 |  3.9
Conjurations   | 2 |  2.6
Earth Magic    | 1 |  1.8
Spellcasting   | 4 |  4.3
Fire Magic     | 4 |  4.1

Action                   |  1- 3 |  4- 6 || total
-------------------------+-------+-------++-------
Melee: Quarterstaff      |       |     1 ||     1
 Cast: Foxfire           |    56 |    94 ||   150
  Use: Potion            |       |     1 ||     1
Armor: Robe              |     4 |     8 ||    12
Dodge: Dodged            |    10 |    12 ||    22
